woodfighter, chaotic female elven Rogue ----------- ----------- |.........|# #%.........| ----------------######+.........|# #|.........| ####)######)..............|# |.......^.)######|.)).[....| # |........>.....-# -----------# ###-..<......| ### #+..............|# #### ------.---- --- # ###|..............|# ### # |.. #u# # ----------------# # |...d@f########### `########### ------------### |.. # |..........-# --- ##-..........| |..........| ------------ woodfighter the Rogue Experience level: 6 Strength: 14 Dexterity: 19 Constitution: 15 Intelligence: 9 Wisdom: 11 Charisma: 9 Health: 0(41) Energy: 34(34) Def: 3 Gold: 10 Moves: 2882 Dungeon seed: pTEmvR-F0qzMrAmW Game ID: woodfighter_1515891875 Your Inventory: Coins $ - 10 gold pieces Amulets K - a cursed amulet of strangulation Weapons a - a +0 elven short sword (weapon in hand) E - 9 +0 elven daggers (in quiver) Armor e - an uncursed +1 leather armor (being worn) m - an uncursed +0 mummy wrapping n - a cursed -1 pair of gauntlets of fumbling q - an uncursed +0 orcish helm r - a blessed +0 orcish helm z - an uncursed +0 orcish helm N - an uncursed +0 mummy wrapping S - an uncursed +0 orcish helm Y - an uncursed +0 elven cloak Comestibles J - an uncursed eucalyptus leaf Wands R - a wand of digging (0:4) Tools g - an uncursed blindfold s - an uncursed sack y - an uncursed lock pick W - a bag of tricks (0:16) Contents of the sack: 311 gold pieces 4 [uncursed] scrolls of destroy armor a [uncursed] scroll of enchant weapon a [uncursed] scroll of identify a [uncursed] scroll of punishment a [uncursed] scroll of scare monster a [uncursed] spellbook of sleep a [uncursed] potion of blindness a [cursed] potion of hallucination 2 [uncursed] potions of hallucination a [uncursed] potion of healing a [uncursed] potion of paralysis an uncursed potion of sickness a [cursed] ring of aggravate monster a wand of opening (0:3) a [uncursed] [+0] pick-axe Spells and supernatural/magical abilities: Name Level Category Fail Memory W - pray for help -- divine ? -- Your skills at the end: Miscellaneous Skills wands [Basic] Weapon Skills dagger [Basic] short sword [Basic] Spellcasting Skills Final Attributes: You were piously aligned. You were sleep resistant. You had infravision. You were somewhat stealthy. You are dead. Vanquished creatures: a plains centaur 4 Mordor orcs 2 rock piercers a fog cloud a shrieker 2 kobold mummies a puppy 2 iguanas 6 hill orcs 2 jitterbugs a dwarf zombie 3 coyotes a gas spore a hobbit an acid blob 6 geckos 2 hobgoblins 3 cave spiders a brown mold a yellow mold 2 green molds 11 garter snakes a gnome zombie 3 jackals 3 foxes a kobold 5 newts 2 goblins a sewer rat a grid bug 2 bats 6 lichens a kobold zombie 81 creatures vanquished. Voluntary challenges: You did not adorn yourself with jewelry or accessories. You did not cause conflict. You were not invisible. You did not have reflection. You were not displaced. You used a wielded weapon 113 times, starting on turn 173. You did not apply a unicorn horn. You did not use plumbed fixtures. You did not drink any magical draughts. You were illiterate. You never genocided any monsters. You never polymorphed an object. You never changed form. You used no wishes. You never split a pudding. You never wrote Elbereth's name. You never violated your personal moral code. Dungeon overview: The Dungeons of Doom: levels 1 to 7 Level 1 a long staircase Level 2 a hardware shop, a fountain stairs to The Gnomish Mines Level 3 Level 4 Level 5 Level 6 many fountains Level 7 <- You were here The Gnomish Mines: Level 3 stairs to The Dungeons of Doom History has recorded: On T:1 you entered the Dungeons of Doom to retrieve the Amulet of Yendor! On T:250 you reached level 2 of The Dungeons of Doom. On T:366 you reached level 3 of The Dungeons of Doom. On T:577 you reached level 1 of The Gnomish Mines. On T:659 you advanced to experience level 2. On T:861 you reached level 4 of The Dungeons of Doom. On T:866 you advanced to experience level 3. On T:1179 you prayed to Kos. On T:1297 you reached level 5 of The Dungeons of Doom. On T:1308 you advanced to experience level 4. On T:1854 you reached level 6 of The Dungeons of Doom. On T:1958 you advanced to experience level 5. On T:2009 you prayed to Kos. On T:2191 you reached level 7 of The Dungeons of Doom. On T:2551 you advanced to experience level 6. Score breakdown: Gold: 321 ( 32 points) Experience: 6 levels ( 500 points) Exploration: 7 levels ( 180 points) Discoveries: 17 items ( 850 points) Variety of kills: 33 monsters ( 1650 points) Major goal: (nothing yet) ( 0 points) Survival: died (score multiplied by 3) Total score: 9636 Latest messages: You displace your horse. There are a few objects here. You can't eat that! This plains centaur corpse tastes terrible! You finish eating the plains centaur corpse. You displace your horse. You displace kitty. You displace your horse. You displace kitty. Nowhere else around here can be automatically explored. (2x) You displace your horse. The door opens. You stop exploring. The puppy bites! (2x) You stab the puppy. The puppy just misses! You stab the puppy. The puppy bites! (2x) You stab the puppy. The puppy bites! You stab the puppy. The puppy bites! (2x) You stab the puppy. The puppy bites! (2x) You die... Final status: Goodbye woodfighter the Rogue, killed by a puppy... You died in The Dungeons of Doom on dungeon level 7 with 9636 points, and 321 pieces of gold, after 2882 moves. You were level 6 with a maximum of 41 hit points when you died.